3222 views
Uploaded 2019-12-03 23:23:09
Game version 1.32.0.3 / 1.32.0.3.1
41:15 long 2on2 ladder game on (4)Avalanche_LV
Saved by BEARAND
3222 views
Uploaded 2019-12-03 23:23:09
Game version 1.32.0.3 / 1.32.0.3.1
41:15 long 2on2 ladder game on (4)Avalanche_LV


88 units @ 13.5k
/ 2.1k
76 buildings @ 10.7k
/ 5.8k



| Healing Salve | 6 | 600 |
| Lesser Clarity Potion | 8 | 560 |
| Scroll of Speed | 2 | 100 |
| Orb of Lightning | 3 | 1125 |
| total: | 19 | 2385g |
| Peon | 13 | 975 | / | 0 |
| Grunt | 4 | 800 | / | 0 |
| Raider | 8 | 1440 | / | 320 |
| Spirit Walker | 6 | 1170 | / | 210 |
| Kodo Beast | 4 | 1020 | / | 240 |
| Demolisher | 12 | 2640 | / | 600 |
| Shaman | 3 | 390 | / | 60 |
| Troll Batrider | 1 | 160 | / | 40 |
| Troll Berserker | 1 | 140 | / | 20 |
| total: | 52 | 8735g | / | 1490w |
| Watch Tower | 24 | 2640 | / | 1920 |
| Altar of Storms | 1 | 180 | / | 50 |
| Orc Burrow | 7 | 1120 | / | 280 |
| Barracks | 1 | 180 | / | 50 |
| Voodoo Lounge | 3 | 390 | / | 90 |
| War Mill | 1 | 205 | / | 0 |
| Great Hall | 1 | 385 | / | 185 |
| Beastiary | 1 | 145 | / | 140 |
| Tauren Totem | 1 | 135 | / | 155 |
| Spirit Lodge | 2 | 300 | / | 300 |
| Stronghold | 1 | 315 | / | 190 |
| Fortress | 2 | 650 | / | 380 |
| total: | 42 | 5680g | / | 3170w |
| 0:02 | Peon |
| 0:07 | Altar of Storms |
| 0:10 | Peon |
| 0:17 | Orc Burrow |
| 0:28 | Peon |
| 0:38 | Barracks |
| 0:45 | Peon |
| 1:04 | Peon |
| 1:11 | Peon |
| 1:25 | Voodoo Lounge |
| 1:32 | Peon |
| 1:42 | Grunt |
| 2:00 | Orc Burrow |
| 2:10 | Wind Walk |
| 2:49 | Orc Burrow |
| 3:09 | Grunt |
| 3:19 | Stronghold |
| 3:24 | Healing Salve |
| 3:29 | Lesser Clarity Potion |
| 3:29 | Scroll of Speed |
| 3:55 | Grunt |
| 4:49 | War Mill |
| 5:42 | Beastiary |
| 5:44 | Tauren Totem |
| 5:54 | Grunt |
| 5:55 | Berserker Strength |
| 6:03 | Critical Strike |
| 6:36 | Healing Salve |
| 6:40 | Lesser Clarity Potion |
| 6:51 | Ensnare |
| 6:52 | Raider |
| 6:55 | Spirit Walker |
| 6:56 | Spirit Walker Adept Training |
| 7:06 | Healing Wave |
| 7:24 | Peon |
| 7:31 | Kodo Beast |
| 8:11 | Orc Burrow |
| 9:04 | Hex |
| 9:24 | Raider |
| 9:25 | Spirit Walker |
| 9:32 | Reinforced Defenses |
| 9:50 | Critical Strike |
| 10:25 | Healing Salve |
| 10:26 | Lesser Clarity Potion |
| 10:59 | Raider |
| 11:00 | Raider |
| 11:00 | Kodo Beast |
| 11:02 | Fortress |
| 11:04 | Healing Salve |
| 11:05 | Lesser Clarity Potion |
| 12:38 | Raider |
| 12:40 | Spirit Walker |
| 12:42 | Orc Burrow |
| 12:45 | Orc Burrow |
| 13:18 | Spiked Barricades |
| 13:28 | Spirit Walker Master Training |
| 13:41 | Raider |
| 14:36 | War Stomp |
| 14:41 | Raider |
| 14:42 | Spirit Walker |
| 15:03 | Raider |
| 15:05 | Spirit Walker |
| 15:23 | Kodo Beast |
| 15:40 | Steel Ranged Weapons |
| 15:41 | Steel Armor |
| 16:02 | Spirit Lodge |
| 16:04 | Spirit Lodge |
| 16:05 | Spirit Walker |
| 16:24 | Pillage |
| 16:42 | Demolisher |
| 16:43 | Burning Oil |
| 17:01 | Thorium Ranged Weapons |
| 17:03 | Arcanite Ranged Weapons |
| 17:06 | War Drums Damage Increase |
| 17:43 | Berserker Upgrade |
| 18:08 | Healing Wave |
| 18:20 | Great Hall |
| 18:25 | Watch Tower |
| 18:26 | Watch Tower |
| 18:28 | Watch Tower |
| 18:29 | Watch Tower |
| 18:36 | Witch Doctor Adept Training |
| 18:37 | Shaman Adept Training |
| 18:40 | Steel Melee Weapons |
| 18:44 | Demolisher |
| 19:28 | Orb of Lightning |
| 20:00 | Watch Tower |
| 20:01 | Watch Tower |
| 21:15 | Peon |
| 21:15 | Peon |
| 22:09 | Demolisher |
| 22:10 | Demolisher |
| 22:25 | Demolisher |
| 22:46 | Peon |
| 22:46 | Peon |
| 22:47 | Peon |
| 23:36 | Voodoo Lounge |
| 23:52 | Voodoo Lounge |
| 23:56 | Demolisher |
| 23:56 | Demolisher |
| 24:06 | Watch Tower |
| 24:40 | Watch Tower |
| 25:13 | Orc Burrow |
| 25:55 | Shaman Master Training |
| 26:11 | Lesser Clarity Potion |
| 26:12 | Orb of Lightning |
| 26:25 | Watch Tower |
| 26:27 | Watch Tower |
| 26:38 | Kodo Beast |
| 27:10 | Watch Tower |
| 27:10 | Watch Tower |
| 27:13 | Watch Tower |
| 27:15 | Watch Tower |
| 28:10 | Lesser Clarity Potion |
| 28:32 | Watch Tower |
| 29:12 | Watch Tower |
| 29:15 | Watch Tower |
| 29:54 | Watch Tower |
| 30:51 | Shaman |
| 30:52 | Shaman |
| 31:39 | Demolisher |
| 31:54 | Scroll of Speed |
| 32:01 | Liquid Fire |
| 32:02 | Troll Batrider |
| 32:26 | Watch Tower |
| 32:27 | Watch Tower |
| 34:02 | Troll Berserker |
| 34:29 | Demolisher |
| 34:55 | Watch Tower |
| 34:56 | Watch Tower |
| 35:30 | Demolisher |
| 35:30 | Demolisher |
| 35:30 | Demolisher |
| 36:17 | Lesser Clarity Potion |
| 36:21 | Orb of Lightning |
| 36:30 | Shaman |
| 36:53 | Watch Tower |
| 36:53 | Watch Tower |
| 37:04 | Healing Salve |
| 39:49 | Lesser Clarity Potion |
| 41:10 | Healing Salve |
| Right click | 2696 |
| Select | 788 |
| Select group | 698 |
| Misc. action | 342 |
| Build/train/purchase | 230 |
| Use ability | 68 |
| Assign group | 48 |
| Esc | 10 |
| Chat | 10 |
| Item give/drop | 4 |


| Healing Salve | 5 | 500 |
| Lesser Clarity Potion | 10 | 700 |
| Potion of Healing | 1 | 150 |
| Orb of Lightning | 2 | 750 |
| Scroll of Speed | 1 | 50 |
| Dust of Appearance | 1 | 75 |
| Boots of Speed | 1 | 250 |
| Potion of Lesser Invulnerability | 3 | 450 |
| total: | 24 | 2925g |
| Peon | 17 | 1275 | / | 0 |
| Grunt | 2 | 400 | / | 0 |
| Raider | 5 | 900 | / | 200 |
| Troll Witch Doctor | 4 | 580 | / | 100 |
| Troll Batrider | 5 | 800 | / | 200 |
| Wind Rider | 3 | 795 | / | 120 |
| total: | 36 | 4750g | / | 620w |
| Watch Tower | 15 | 1650 | / | 1200 |
| Altar of Storms | 1 | 180 | / | 50 |
| Orc Burrow | 6 | 960 | / | 240 |
| Voodoo Lounge | 1 | 130 | / | 30 |
| Barracks | 1 | 180 | / | 50 |
| War Mill | 3 | 615 | / | 0 |
| Great Hall | 1 | 385 | / | 185 |
| Beastiary | 3 | 435 | / | 420 |
| Spirit Lodge | 3 | 450 | / | 450 |
| Stronghold | 1 | 315 | / | 190 |
| Fortress | 2 | 650 | / | 380 |
| total: | 34 | 4985g | / | 2625w |
| 0:02 | Peon |
| 0:02 | Peon |
| 0:07 | Altar of Storms |
| 0:19 | Orc Burrow |
| 0:21 | Peon |
| 0:22 | Peon |
| 0:35 | Peon |
| 0:51 | Peon |
| 1:02 | Voodoo Lounge |
| 1:05 | Peon |
| 1:24 | Orc Burrow |
| 1:41 | Barracks |
| 1:45 | Peon |
| 2:07 | Healing Salve |
| 2:07 | Lesser Clarity Potion |
| 2:08 | Lesser Clarity Potion |
| 2:12 | Wind Walk |
| 2:44 | Grunt |
| 3:24 | Stronghold |
| 3:26 | Grunt |
| 4:04 | War Mill |
| 4:07 | Orc Burrow |
| 4:33 | Boots of Speed |
| 5:27 | Healing Salve |
| 5:27 | Healing Salve |
| 5:28 | Lesser Clarity Potion |
| 5:58 | Beastiary |
| 6:02 | Spirit Lodge |
| 6:05 | Critical Strike |
| 6:12 | Pillage |
| 6:15 | Orc Burrow |
| 6:46 | Hex |
| 6:59 | Fortress |
| 7:02 | Ensnare |
| 7:03 | Raider |
| 7:35 | Reinforced Defenses |
| 7:46 | Dust of Appearance |
| 7:53 | Raider |
| 8:18 | Potion of Lesser Invulnerability |
| 8:26 | Raider |
| 8:34 | Raider |
| 8:59 | Raider |
| 9:06 | Watch Tower |
| 9:07 | Watch Tower |
| 9:08 | Watch Tower |
| 9:14 | Healing Wave |
| 9:26 | Wind Walk |
| 9:36 | Watch Tower |
| 9:37 | Watch Tower |
| 10:00 | Spirit Lodge |
| 10:34 | Potion of Healing |
| 10:35 | Orb of Lightning |
| 10:36 | Scroll of Speed |
| 11:19 | Troll Witch Doctor |
| 11:38 | Lesser Clarity Potion |
| 11:38 | Healing Salve |
| 11:57 | Troll Witch Doctor |
| 12:37 | Peon |
| 13:18 | Troll Witch Doctor |
| 13:32 | Potion of Lesser Invulnerability |
| 13:40 | Watch Tower |
| 13:41 | Watch Tower |
| 13:42 | Watch Tower |
| 13:50 | Watch Tower |
| 13:52 | Watch Tower |
| 13:52 | Watch Tower |
| 13:53 | Watch Tower |
| 14:45 | Witch Doctor Adept Training |
| 14:51 | Spirit Lodge |
| 15:03 | Great Hall |
| 15:57 | Witch Doctor Master Training |
| 16:03 | War Mill |
| 16:38 | Shaman Adept Training |
| 16:52 | Beastiary |
| 17:20 | Orc Burrow |
| 17:37 | Peon |
| 17:37 | Peon |
| 17:37 | Peon |
| 17:37 | Peon |
| 17:38 | Peon |
| 17:44 | Potion of Lesser Invulnerability |
| 17:54 | Beastiary |
| 18:31 | Watch Tower |
| 18:33 | Watch Tower |
| 18:49 | Steel Ranged Weapons |
| 18:58 | Troll Witch Doctor |
| 19:06 | Peon |
| 19:06 | Peon |
| 19:06 | Peon |
| 19:12 | Orc Burrow |
| 19:49 | Watch Tower |
| 19:54 | Envenomed Spears |
| 19:56 | Troll Batrider |
| 20:31 | Troll Batrider |
| 20:32 | Steel Armor |
| 21:33 | Troll Batrider |
| 22:05 | Thorium Ranged Weapons |
| 22:05 | Thorium Armor |
| 23:32 | Lesser Clarity Potion |
| 23:48 | Troll Batrider |
| 24:15 | Arcanite Ranged Weapons |
| 24:16 | Arcanite Armor |
| 24:21 | Troll Batrider |
| 26:09 | Lesser Clarity Potion |
| 26:32 | Shaman Master Training |
| 29:44 | Steel Melee Weapons |
| 29:46 | Lesser Clarity Potion |
| 31:48 | Wind Rider |
| 31:48 | Wind Rider |
| 31:49 | Wind Rider |
| 32:50 | Lesser Clarity Potion |
| 33:36 | War Mill |
| 34:22 | Thorium Melee Weapons |
| 34:26 | Spiked Barricades |
| 34:52 | Lesser Clarity Potion |
| 34:58 | Lesser Clarity Potion |
| 35:42 | Arcanite Melee Weapons |
| 35:45 | Improved Spiked Barricades |
| 38:49 | Orb of Lightning |
| 39:48 | Healing Salve |
| Right click | 2119 |
| Select group | 1385 |
| Select | 814 |
| Misc. action | 194 |
| Build/train/purchase | 177 |
| Use ability | 79 |
| Esc | 24 |
| Assign group | 16 |
| Item give/drop | 6 |
| Remove unit | 5 |
| Minimap ping | 5 |
44 units @ 3.9k
/ 0.2k
198 buildings @ 14.9k
/ 8.4k



x1)
| Lesser Clarity Potion | 1 | 70 |
| Staff of Sanctuary | 3 | 750 |
| Boots of Speed | 3 | 750 |
| Staff of Teleportation | 4 | 600 |
| Tome of Retraining | 1 | 300 |
| Periapt of Vitality | 1 | 325 |
| Circlet of Nobility | 1 | 175 |
| Healing Salve | 1 | 100 |
| Orb of Lightning | 4 | 1500 |
| total: | 19 | 4570g |
| Peasant | 19 | 1425 | / | 0 |
| Priest | 2 | 270 | / | 20 |
| Sorceress | 1 | 155 | / | 20 |
| total: | 22 | 1850g | / | 40w |
| Scout Tower | 104 | 3120 | / | 2080 |
| Arcane Tower | 10 | 700 | / | 500 |
| Guard Tower | 61 | 4270 | / | 3050 |
| Altar of Kings | 1 | 180 | / | 50 |
| Farm | 10 | 800 | / | 200 |
| Lumber Mill | 1 | 120 | / | 0 |
| Arcane Vault | 3 | 390 | / | 90 |
| Town Hall | 1 | 385 | / | 205 |
| Blacksmith | 1 | 140 | / | 60 |
| Barracks | 1 | 160 | / | 60 |
| Arcane Sanctum | 1 | 150 | / | 140 |
| Gryphon Aviary | 2 | 280 | / | 300 |
| Keep | 2 | 640 | / | 420 |
| Castle | 2 | 720 | / | 420 |
| total: | 125 | 5725g | / | 3185w |
| 0:02 | Peasant |
| 0:02 | Peasant |
| 0:08 | Altar of Kings |
| 0:18 | Farm |
| 0:31 | Peasant |
| 0:40 | Farm |
| 0:42 | Peasant |
| 0:52 | Lumber Mill |
| 0:57 | Scout Tower |
| 0:57 | Peasant |
| 1:22 | Peasant |
| 1:22 | Peasant |
| 1:27 | Peasant |
| 1:32 | Peasant |
| 1:35 | Scout Tower |
| 1:38 | Arcane Tower |
| 1:54 | Peasant |
| 2:06 | Guard Tower |
| 2:07 | Scout Tower |
| 2:09 | Summon Water Elemental |
| 2:38 | Peasant |
| 2:38 | Peasant |
| 2:48 | Guard Tower |
| 2:49 | Scout Tower |
| 2:50 | Scout Tower |
| 3:26 | Peasant |
| 3:28 | Keep |
| 3:52 | Guard Tower |
| 3:53 | Scout Tower |
| 3:54 | Scout Tower |
| 3:54 | Scout Tower |
| 4:07 | Scout Tower |
| 4:32 | Boots of Speed |
| 4:33 | Staff of Teleportation |
| 4:50 | Healing Salve |
| 5:07 | Guard Tower |
| 5:08 | Scout Tower |
| 5:09 | Scout Tower |
| 5:10 | Improved Masonry |
| 5:20 | Lesser Clarity Potion |
| 5:47 | Brilliance Aura |
| 5:57 | Farm |
| 5:58 | Farm |
| 6:01 | Improved Lumber Harvesting |
| 6:15 | Arcane Sanctum |
| 7:13 | Guard Tower |
| 7:14 | Scout Tower |
| 7:15 | Scout Tower |
| 7:15 | Scout Tower |
| 7:15 | Scout Tower |
| 7:16 | Advanced Masonry |
| 7:17 | Castle |
| 7:26 | Scout Tower |
| 7:26 | Scout Tower |
| 7:26 | Scout Tower |
| 7:30 | Magic Sentry |
| 7:32 | Priest |
| 7:40 | Storm Bolt |
| 8:17 | Guard Tower |
| 8:20 | Arcane Tower |
| 8:49 | Guard Tower |
| 8:59 | Guard Tower |
| 9:00 | Scout Tower |
| 9:01 | Scout Tower |
| 9:01 | Scout Tower |
| 9:01 | Scout Tower |
| 9:02 | Scout Tower |
| 9:02 | Scout Tower |
| 9:03 | Scout Tower |
| 9:03 | Scout Tower |
| 9:34 | Guard Tower |
| 9:56 | Guard Tower |
| 10:06 | Arcane Vault |
| 10:08 | Arcane Vault |
| 10:21 | Boots of Speed |
| 10:21 | Staff of Teleportation |
| 10:30 | Staff of Teleportation |
| 10:41 | Guard Tower |
| 11:18 | Arcane Tower |
| 11:18 | Guard Tower |
| 11:23 | Imbued Masonry |
| 11:33 | Scout Tower |
| 11:34 | Scout Tower |
| 11:34 | Scout Tower |
| 11:34 | Scout Tower |
| 11:35 | Scout Tower |
| 11:35 | Scout Tower |
| 11:36 | Scout Tower |
| 11:36 | Scout Tower |
| 12:09 | Holy Light |
| 12:16 | Guard Tower |
| 12:23 | Guard Tower |
| 12:26 | Scout Tower |
| 12:26 | Scout Tower |
| 12:27 | Guard Tower |
| 12:33 | Guard Tower |
| 12:44 | Tome of Retraining |
| 12:44 | Retrain Hero |
| 12:46 | Blizzard |
| 12:46 | Brilliance Aura |
| 12:52 | Guard Tower |
| 12:54 | Guard Tower |
| 13:08 | Guard Tower |
| 13:09 | Guard Tower |
| 13:22 | Guard Tower |
| 13:51 | Town Hall |
| 13:57 | Staff of Sanctuary |
| 14:01 | Priest |
| 14:07 | Staff of Sanctuary |
| 14:47 | Scout Tower |
| 14:48 | Guard Tower |
| 14:48 | Guard Tower |
| 14:51 | Scout Tower |
| 14:52 | Scout Tower |
| 14:52 | Scout Tower |
| 14:53 | Scout Tower |
| 14:54 | Scout Tower |
| 14:54 | Scout Tower |
| 14:54 | Scout Tower |
| 15:02 | Peasant |
| 15:14 | Guard Tower |
| 15:19 | Scout Tower |
| 15:20 | Scout Tower |
| 15:20 | Scout Tower |
| 15:39 | Peasant |
| 15:50 | Arcane Vault |
| 15:59 | Guard Tower |
| 16:04 | Scout Tower |
| 16:05 | Scout Tower |
| 16:05 | Scout Tower |
| 16:06 | Scout Tower |
| 16:06 | Scout Tower |
| 16:06 | Scout Tower |
| 16:07 | Scout Tower |
| 16:13 | Guard Tower |
| 16:40 | Guard Tower |
| 16:41 | Scout Tower |
| 16:42 | Scout Tower |
| 16:42 | Scout Tower |
| 16:42 | Scout Tower |
| 16:53 | Staff of Sanctuary |
| 16:59 | Guard Tower |
| 17:10 | Peasant |
| 17:24 | Arcane Tower |
| 17:27 | Arcane Tower |
| 17:58 | Sorceress |
| 17:58 | Sorceress Adept Training |
| 18:11 | Guard Tower |
| 18:15 | Guard Tower |
| 18:44 | Boots of Speed |
| 18:44 | Staff of Teleportation |
| 18:45 | Periapt of Vitality |
| 18:45 | Circlet of Nobility |
| 18:51 | Guard Tower |
| 18:53 | Scout Tower |
| 18:53 | Scout Tower |
| 18:54 | Scout Tower |
| 18:54 | Scout Tower |
| 18:55 | Scout Tower |
| 18:55 | Scout Tower |
| 18:57 | Guard Tower |
| 19:13 | Guard Tower |
| 19:35 | Guard Tower |
| 19:41 | Scout Tower |
| 19:42 | Scout Tower |
| 19:42 | Scout Tower |
| 19:43 | Scout Tower |
| 19:44 | Scout Tower |
| 19:47 | Guard Tower |
| 20:04 | Peasant |
| 20:05 | Advanced Lumber Harvesting |
| 20:10 | Orb of Lightning |
| 20:10 | Orb of Lightning |
| 20:21 | Scout Tower |
| 20:22 | Scout Tower |
| 20:22 | Scout Tower |
| 20:23 | Scout Tower |
| 20:23 | Scout Tower |
| 20:23 | Scout Tower |
| 20:47 | Scout Tower |
| 20:47 | Scout Tower |
| 20:48 | Scout Tower |
| 20:48 | Scout Tower |
| 20:49 | Scout Tower |
| 20:50 | Scout Tower |
| 20:50 | Guard Tower |
| 20:52 | Guard Tower |
| 21:11 | Bash |
| 21:18 | Guard Tower |
| 21:19 | Guard Tower |
| 21:35 | Guard Tower |
| 22:08 | Guard Tower |
| 22:10 | Scout Tower |
| 22:28 | Guard Tower |
| 23:00 | Guard Tower |
| 23:12 | Orb of Lightning |
| 23:12 | Orb of Lightning |
| 23:15 | Peasant |
| 23:15 | Peasant |
| 23:17 | Scout Tower |
| 23:18 | Scout Tower |
| 23:18 | Scout Tower |
| 23:19 | Scout Tower |
| 23:45 | Arcane Tower |
| 24:04 | Blizzard |
| 24:14 | Guard Tower |
| 25:09 | Guard Tower |
| 26:04 | Scout Tower |
| 26:05 | Scout Tower |
| 26:05 | Scout Tower |
| 26:05 | Scout Tower |
| 26:25 | Gryphon Aviary |
| 26:26 | Blacksmith |
| 26:27 | Barracks |
| 26:28 | Gryphon Aviary |
| 26:30 | Farm |
| 26:30 | Farm |
| 26:30 | Farm |
| 26:31 | Farm |
| 26:31 | Farm |
| 26:32 | Farm |
| 27:04 | Guard Tower |
| 27:30 | Guard Tower |
| 27:49 | Guard Tower |
| 28:10 | Storm Hammers |
| 28:11 | Cloud |
| 31:36 | Animal War Training |
| 31:38 | Iron Forged Swords |
| 31:38 | Studded Leather Armor |
| 31:55 | Scout Tower |
| 31:55 | Scout Tower |
| 31:56 | Scout Tower |
| 31:57 | Scout Tower |
| 31:58 | Scout Tower |
| 32:01 | Scout Tower |
| 32:51 | Arcane Tower |
| 33:45 | Arcane Tower |
| 33:46 | Arcane Tower |
| 34:52 | Arcane Tower |
| 34:58 | Scout Tower |
| 34:59 | Scout Tower |
| 34:59 | Scout Tower |
| 35:00 | Scout Tower |
| 35:28 | Guard Tower |
| 35:35 | Guard Tower |
| 35:53 | Guard Tower |
| 36:07 | Guard Tower |
| 36:08 | Scout Tower |
| 36:09 | Scout Tower |
| 36:09 | Scout Tower |
| 36:10 | Scout Tower |
| 36:39 | Guard Tower |
| 37:00 | Guard Tower |
| 37:11 | Guard Tower |
| 37:38 | Guard Tower |
| 40:52 | Storm Bolt |
| Right click | 3602 |
| Select group | 945 |
| Select | 808 |
| Build/train/purchase | 216 |
| Use ability | 127 |
| Chat | 112 |
| Assign group | 25 |
| Misc. action | 19 |
| Minimap ping | 17 |
| Item give/drop | 6 |
| Resource trade | 4 |
IcebergSlim
(41:15) : 


| Healing Salve | 1 | 100 |
| Orb of Lightning | 3 | 1125 |
| Boots of Speed | 3 | 750 |
| Staff of Teleportation | 3 | 450 |
| Staff of Sanctuary | 1 | 250 |
| total: | 11 | 2675g |
| Peon | 19 | 1425 | / | 0 |
| Demolisher | 3 | 660 | / | 150 |
| total: | 22 | 2085g | / | 150w |
| Watch Tower | 55 | 6050 | / | 4400 |
| Altar of Storms | 1 | 180 | / | 50 |
| Orc Burrow | 10 | 1600 | / | 400 |
| War Mill | 1 | 205 | / | 0 |
| Voodoo Lounge | 2 | 260 | / | 60 |
| Great Hall | 1 | 385 | / | 185 |
| Barracks | 3 | 540 | / | 150 |
| Stronghold | 1 | 315 | / | 190 |
| Fortress | 1 | 325 | / | 190 |
| total: | 73 | 9220g | / | 5245w |
| 0:02 | Peon |
| 0:02 | Peon |
| 0:06 | Altar of Storms |
| 0:18 | Orc Burrow |
| 0:30 | Peon |
| 0:36 | War Mill |
| 0:46 | Peon |
| 0:59 | Peon |
| 1:07 | Voodoo Lounge |
| 1:18 | Peon |
| 1:22 | Peon |
| 1:43 | Orc Burrow |
| 1:56 | Peon |
| 2:01 | Watch Tower |
| 2:09 | Wind Walk |
| 2:12 | Healing Salve |
| 2:20 | Peon |
| 2:29 | Watch Tower |
| 2:49 | Watch Tower |
| 3:00 | Watch Tower |
| 3:15 | Watch Tower |
| 3:21 | Peon |
| 3:21 | Peon |
| 3:30 | Watch Tower |
| 3:49 | Watch Tower |
| 3:58 | Peon |
| 3:59 | Peon |
| 4:03 | Watch Tower |
| 4:27 | Watch Tower |
| 4:50 | Stronghold |
| 5:09 | Watch Tower |
| 5:16 | Watch Tower |
| 5:36 | Watch Tower |
| 5:57 | Orc Burrow |
| 6:12 | Boots of Speed |
| 6:23 | Watch Tower |
| 6:26 | Watch Tower |
| 6:38 | Watch Tower |
| 6:41 | Watch Tower |
| 7:05 | Staff of Teleportation |
| 7:38 | Watch Tower |
| 8:24 | Hex |
| 8:51 | Watch Tower |
| 9:05 | Great Hall |
| 9:07 | Watch Tower |
| 9:12 | Critical Strike |
| 10:02 | Watch Tower |
| 10:07 | Watch Tower |
| 10:10 | Watch Tower |
| 10:22 | Watch Tower |
| 10:38 | Watch Tower |
| 10:48 | Watch Tower |
| 10:52 | Watch Tower |
| 11:16 | Peon |
| 11:16 | Peon |
| 11:25 | Watch Tower |
| 11:29 | Watch Tower |
| 11:41 | Peon |
| 11:41 | Peon |
| 11:41 | Peon |
| 11:42 | Peon |
| 11:56 | Watch Tower |
| 11:59 | Watch Tower |
| 12:09 | Boots of Speed |
| 12:10 | Staff of Teleportation |
| 12:27 | Fortress |
| 12:31 | Watch Tower |
| 12:34 | Watch Tower |
| 12:36 | Watch Tower |
| 13:07 | Watch Tower |
| 13:12 | Watch Tower |
| 13:16 | Spiked Barricades |
| 13:44 | Watch Tower |
| 14:42 | Watch Tower |
| 14:43 | Watch Tower |
| 14:44 | Watch Tower |
| 14:50 | Orb of Lightning |
| 15:00 | Watch Tower |
| 15:12 | Watch Tower |
| 15:27 | Improved Spiked Barricades |
| 15:52 | Voodoo Lounge |
| 16:02 | War Stomp |
| 16:25 | Barracks |
| 16:30 | Barracks |
| 16:44 | Barracks |
| 16:58 | Orb of Lightning |
| 17:06 | Orb of Lightning |
| 17:36 | Staff of Sanctuary |
| 17:44 | Watch Tower |
| 17:47 | Watch Tower |
| 17:50 | Burning Oil |
| 17:57 | Watch Tower |
| 18:01 | Watch Tower |
| 18:04 | Watch Tower |
| 18:12 | Demolisher |
| 18:22 | Demolisher |
| 18:59 | Watch Tower |
| 19:00 | Watch Tower |
| 19:06 | Boots of Speed |
| 19:06 | Staff of Teleportation |
| 19:12 | Demolisher |
| 19:14 | Watch Tower |
| 19:17 | Watch Tower |
| 19:42 | Steel Ranged Weapons |
| 20:07 | Watch Tower |
| 20:25 | Watch Tower |
| 21:42 | Thorium Ranged Weapons |
| 23:02 | Watch Tower |
| 24:17 | Watch Tower |
| 25:33 | Healing Wave |
| 26:20 | Orc Burrow |
| 26:23 | Orc Burrow |
| 26:24 | Orc Burrow |
| 26:26 | Orc Burrow |
| 26:27 | Orc Burrow |
| 26:29 | Orc Burrow |
| 26:54 | Orc Burrow |
| 28:24 | Watch Tower |
| 40:42 | Endurance Aura |
| 40:48 | Critical Strike |
| Right click | 3030 |
| Select group | 816 |
| Select | 669 |
| Misc. action | 212 |
| Build/train/purchase | 116 |
| Use ability | 43 |
| Chat | 10 |
| Esc | 8 |
| Assign group | 7 |
| Resource trade | 7 |
| Item give/drop | 3 |